 Dungeon Crawl Stone Soup version 0.30-a0-691-g754fce4c43 (webtiles) character file.

Game seed: 6674253766538788724

431 Strat the Chopper (level 6, -26/55 HPs)
             Began as a Hill Orc Reaver on Jan 20, 2023.
             Annihilated by an ogre
             ... wielding a +0 giant club
              (28 damage)
             ... on level 5 of the Dungeon.
             The game lasted 00:06:41 (3371 turns).

Strat the Chopper (Hill Orc Reaver)                 Turns: 3371, Time: 00:06:41

Health: -26/55     AC:  5    Str: 17    XL:     6   Next: 99%
Magic:  8/8        EV: 11    Int: 13    God:
Gold:   214        SH:  5    Dex:  9    Spells: 5/8 levels left

rFire   . . .      SeeInvis .    b - +2 battleaxe (heavy)
rCold   . . .      Faith    .    (shield currently unavailable)
rNeg    . . .      Spirit   .    f - +0 leather armour
rPois   .          Reflect  +    u - +0 helmet
rElec   .          Harm     .    (no cloak)
rCorr   .          Rampage  .    (no gloves)
Will    .....      Archmagi +    n - +0 pair of boots
Stlth   +                        k - amulet of reflection
HPRegen 0.29/turn                h - ring of flight
MPRegen 0.11/turn                y - ring of the Mage {Wiz Archmagi}

@: flying
A: no striking features
a: no special abilities


You were on level 5 of the Dungeon.
You visited 1 branch of the dungeon, and saw 5 of its levels.

You collected 214 gold pieces.

Inventory:

Hand Weapons
 a - a +0 war axe
 b - a +2 heavy battleaxe (weapon)
 r - a +0 hand axe
Missiles
 q - 10 javelins
 x - 6 silver boomerangs
Armour
 f - a +0 leather armour (worn)
 j - a scarf of harm
 n - a +0 pair of boots (worn)
 u - a +0 helmet (worn)
Jewellery
 h - a ring of flight (left hand)
 k - an amulet of reflection (around neck)
 y - the ring of the Mage (right hand) {Wiz Archmagi}
   (You found it on level 3 of the Dungeon)

   [ring of wizardry]

   It improves your spell success rate.
   Archmagi:  It increases the power of your magical spells.
 z - a ring of resist corrosion
Wands
 g - a wand of flame (13)
Scrolls
 l - 2 scrolls of teleportation
 m - a scroll of amnesia {unknown}
 o - 2 scrolls of identify
 p - a scroll of brand weapon {unknown}
 w - 3 scrolls of poison {unknown}
 B - a scroll of torment {unknown}
 C - a scroll of butterflies {unknown}
Potions
 c - 3 potions of ambrosia
 d - a potion of haste
 e - 4 potions of heal wounds {unknown}
 i - 3 potions of curing {unknown}
 s - a potion of flight {unknown}
 t - 2 potions of attraction {unknown}
 v - 2 potions of mutation {unknown}
 A - a potion of might {unknown}


   Skills:
 + Level 4.8 Fighting
 + Level 7.5 Axes
 + Level 0.0 Armour
 - Level 1.5 Dodging
 - Level 1.5 Spellcasting
 - Level 4.6 Conjurations


You had 5 spell levels left.
You knew the following spells:

 Your Spells              Type           Power      Damage    Failure   Level
a - Kiss of Death         Conj/Necr      40%        2d8       5%          1
b - Momentum Strike       Conj/Tloc      20%        3d8       8%          2

Your spell library contained the following spells:

 Spells                   Type           Power      Damage    Failure   Level
 Sandblast                Erth           2%         2d4       13%         1
 Summon Small Mammal      Summ           4%         N/A       13%         1
 Hailstorm                Conj/Ice       10%        3d5       16%         3
 Stone Arrow              Conj/Erth      20%        3d8       16%         3
 Passwall                 Tmut/Erth      0%         N/A       21%         2
 Call Canine Familiar     Summ           1%         N/A       36%         3
 Summon Guardian Golem    Hex/Summ       1%         N/A       36%         3


Dungeon Overview and Level Annotations

Branches:
Dungeon (5/15)
 Temple: D:4-7

Altars:
Cheibriados


Message History

l - 2 scrolls of teleportation (gained 1)
w - 3 scrolls labelled JIMIFA CIANN (gained 1)
Found a stone staircase leading up.
Things that are here:
a +0 club; a +0 sling; a +0 dagger
Things that are here:
a +0 club; a goblin skeleton You see here a +0 whip.
Done exploring.
You are flying.
Your flying speed is average.
Your attack delay is about 1.9.
Your damage rating with your +2 heavy battleaxe is about 41 (Base [15 + 12 (Hvy)] x 117% (Str) x 124% (Skill) + 2 (Ench)).
Unknown command.
Casting: Kiss of Death (safe; 5% risk of failure)
Confirm with . or Enter, or press ? or * to list all spells.
Okay, then.
Done exploring.
There is a stone staircase leading down here.
You fly downwards.
Found 12 gold pieces.
There is a stone staircase leading up here.
An ogre comes into view. It is wielding a +0 giant club.
The ogre shouts!
You completely miss the ogre. The ogre hits you with a +0 giant club!
You slash the ogre!
The ogre is heavily wounded.
The ogre barely misses you.
You slash the ogre!
The ogre is severely wounded.
The ogre hits you with a +0 giant club!!
* * * LOW HITPOINT WARNING * * *
The ogre hits you with a +0 giant club!!
* * * LOW HITPOINT WARNING * * *
You are too injured to fight recklessly!
Okay, then.
Okay, then.
You barely miss the ogre.
The ogre is severely wounded.
The ogre hits you with a +0 giant club!!
Ouch! That really hurt!
You die...

#.## ... ##
... ###. .. #
.....####?##.#
#..#.......
####...$.O.#
#.....#.@#
.........#
..###....#
#.#.<# ...#.##
#.......
#.....##
#..... #.....


You could see an ogre.

Vanquished Creatures
  A black bear (D:4)
  An ogre (D:3)
  A hound (D:4)
  Ijyb (D:4)
  An orc wizard (D:3)
  Robin (D:4)
  5 adders
  2 worms
  6 dart slugs
  4 orcs (D:3)
  5 ball pythons
  5 endoplasms
  5 giant cockroaches
  16 goblins
  9 hobgoblins
  3 jackals (D:1)
  8 kobolds
  4 quokkas
  5 bats
  5 frilled lizards
  8 rats
96 creatures vanquished.

Notes
Turn   | Place    | Note
-------+----------+-------------------------------------------
     0 | D:1      | Strat the Hill Orc Reaver began the quest for the Orb.
     0 | D:1      | Reached XP level 1. HP: 18/18 MP: 3/3
   140 | D:1      | Reached XP level 2. HP: 20/25 MP: 4/4
   183 | D:1      | Reached skill level 5 in Axes
   315 | D:1      | Reached XP level 3. HP: 30/30 MP: 5/5
   346 | D:1      | Learned a level 2 spell: Momentum Strike
   741 | D:1      | Found a faded altar of an unknown god.
   861 | D:2      | Reached skill level 6 in Axes
  1020 | D:2      | Reached XP level 4. HP: 36/37 MP: 6/6
  1769 | D:3      | Found the ring of the Mage {Wiz Archmagi}
  1773 | D:3      | Noticed an ogre
  1855 | D:3      | Reached XP level 5. HP: 45/45 MP: 7/7
  1869 | D:3      | Killed an ogre
  2126 | D:3      | Reached XP level 6. HP: 46/52 MP: 8/8
  2367 | D:3      | Found a snail-covered altar of Cheibriados.
  2532 | D:3      | Reached skill level 7 in Axes
  2666 | D:4      | Identified a scroll of acquirement
  2666 | D:4      | Acquired a +2 heavy battleaxe
  2704 | D:4      | Noticed a black bear
  2711 | D:4      | Killed a black bear
  2720 | D:4      | Noticed Robin
  2732 | D:4      | Noticed Ijyb
  2740 | D:4      | Killed Ijyb
  2912 | D:4      | Killed Robin
  3364 | D:5      | Entered Level 5 of the Dungeon
  3370 | D:5      | HP: 1/55 [ogre/+0 giant club (18)]
  3371 | D:5      | Annihilated by an ogre

Illustrated notes

Levels and vault maps discovered:
D:1:      ncdulo_lavacross, layout_rooms, basic_ecumenical_altar
D:2:      layout_basic, hex_intersection, minmay_hexomino_u4
D:3:      layout_basic, mainiacjoe_overflow_surrounded_room, minmay_checkerbox
D:4:      layout_cave_pools, uniq_ijyb, uniq_robin
D:5:      layout_basic, gammafunk_ghost_nasty_kobolds, uniq_eustachio

Skill      XL: |  1  2  3  4  5  6 |
---------------+-------------------+-----
Axes           | 5 6 7 |  7.5
Fighting       | 3 4 |  4.8
Conjurations   | 4 |  4.6
Dodging        | |  1.5
Spellcasting   | |  1.5

Action                   |  1- 3 |  4- 6 || total
-------------------------+-------+-------++-------
Melee: Hand axe          |   152 |    11 ||   163
       Punch             |     3 |       ||     3
       War axe           |       |   108 ||   108
       Battleaxe         |       |    35 ||    35
 Cast: Kiss of Death     |       |     1 ||     1
       Momentum Strike   |       |     1 ||     1
  Use: Scroll            |       |     6 ||     6
       Potion            |       |     1 ||     1
Armor: Leather armour    |    46 |    63 ||   109
Dodge: Dodged            |    80 |    97 ||   177
Block: Other             |    15 |    40 ||    55

Table legend: (Time is in decaauts)
 A = Elapsed time spent in this place.
 B = Non-inter-level travel time spent in this place.
 C = Inter-level travel time spent in this place.
 D = Time resting spent in this place.
 E = Time spent auto-exploring this place.
 F = Levels seen in this place.
 G = Mean time per level.
                   A        B        C        D        E       F      G
               +--------+--------+--------+--------+--------+-----+--------+
         Total |   3408 |   3330 |     78 |    413 |   2072 |   5 |  681.6 |
       Dungeon |   3408 |   3330 |     78 |    413 |   2072 |   5 |  681.6 |
               +--------+--------+--------+--------+--------+-----+--------+

Top non-repeatable levels by time:
     D:3: 960 daAuts
     D:2: 862 daAuts
     D:1: 788 daAuts
     D:4: 787 daAuts
     D:5: 9 daAuts
